 Dungeon Crawl Stone Soup version 0.30-a0-989-g0d87f670db (webtiles) character file.

Game seed: 10081997770989581228

88 jasper the Chopper (level 4, -2/31 HPs)
             Began as a Human Wanderer on Apr 3, 2023.
             Was an Initiate of Ashenzari.
             Slain by Grinder (6 damage)
             ... while paralysed by Grinder
             ... on level 3 of the Dungeon.
             The game lasted 00:03:22 (1758 turns).

jasper the Chopper (Human Wanderer)                 Turns: 1758, Time: 00:03:22

Health: -2/31      AC:  8    Str: 12    XL:     4   Next: 82%
Magic:  3/5        EV:  2    Int: 13    God:    Ashenzari [......]
Gold:   148        SH:  0    Dex: 14    Spells: 4/5 levels left

rFire   + . .      SeeInvis +    a - +2 hand axe "Restrained Mistrust" {Comp, Elem} (curse)
rCold   . . .      Faith    .    (no shield)
rNeg    . . .      Spirit   .    n - +0 scale mail
rPois   .          Reflect  .    b - +0 helmet
rElec   .          Rampage  .    (no cloak)
rCorr   .                        (no gloves)
Will    .....                    q - +0 pair of boots Stlth
                                 (no amulet)
HPRegen 0.25/turn                e - ring of protection from fire
MPRegen 0.09/turn                j - ring of see invisible

@: paralysed
A: no striking features
a: Renounce Religion, Shatter the Chains


You were on level 3 of the Dungeon.
You worshipped Ashenzari.
Ashenzari was noncommittal.
You visited 1 branch of the dungeon, and saw 3 of its levels.

You collected 148 gold pieces.

Inventory:

Hand Weapons
 a - the cursed +2 hand axe "Restrained Mistrust" (weapon) {Comp, Elem}

   It has a curse which improves the following skills: Companions: Summonings
   and Necromancy.
   Elements:  Fire Magic, Ice Magic, Air Magic and Earth Magic.
Missiles
 i - 6 poisoned darts
Armour
 b - a +0 helmet (worn)
 d - a +0 leather armour
 g - a +0 ring mail
 n - a +0 scale mail (worn)
 q - a +0 pair of boots (worn)
Jewellery
 e - a ring of protection from fire (left hand)
 j - a ring of see invisible (right hand)
 k - a +6 ring of dexterity
 p - a +6 ring of dexterity
Scrolls
 c - a scroll of teleportation
 f - a scroll of fear {unknown}
 h - 2 scrolls of identify {unknown}
 l - a scroll of noise {unknown}
 m - a scroll of brand weapon {unknown}
 r - 2 scrolls of magic mapping {unknown}
Potions
 o - 2 potions of heal wounds


   Skills:
 + Level 0.3 Fighting
 * Level 4.3 Axes
 + Level 1.2 Armour
 + Level 1.1 Dodging
 - Level 1.0 Stealth
 - Level 1.0 Spellcasting
 + Level 3.1(3.4) Summonings
 - Level 1.0 Evocations


You had 4 spell levels left.
You knew the following spells:

 Your Spells              Type           Power      Damage    Failure   Level
a - Summon Small Mammal   Summ           36%        N/A       36%         1

Your spell library contained the following spells:

 Spells                   Type           Power      Damage    Failure   Level
 Necrotise                Necr           0%         1d4       83%         1
 Slow                     Hex            0%         N/A       83%         1
 Summon Guardian Golem    Hex/Summ       5%         N/A       92%         3
 Confusing Touch          Hex            0%         N/A       99%         3
 Vampiric Draining        Necr           0%         2d6       99%         3
 Agony                    Necr           0%         N/A       100%        5


Dungeon Overview and Level Annotations

Branches:
Dungeon (3/15)

Altars:
Ashenzari

Annotations:
D:2 Terence
D:3 Grinder


Message History

You take 2 damage, and have 14/31 hp.
You closely miss Grinder.
Grinder is moderately wounded.
Your rat bites Grinder but does no damage.
Grinder blinks!
Unknown command.
Unknown command.
Casting: Summon Small Mammal (safe; 36% risk of failure)
Press: ? - help, Q - select action, (/) - cycle Dir - look around, f - activate You now have 2/5 mp.
You aren't carrying any items that you can evoke.
Unknown command.
Okay, then.
Unknown command.
Casting: Summon Small Mammal (safe; 36% risk of failure)
Confirm with . or Enter, or press ? or * to list all spells.
Okay, then.
Grinder gestures at you.
Your bat writhes in agony.
Your bat dies!
Your bat's corpse disappears in a puff of smoke!
Grinder hits your rat.
Your rat dies!
Your rat's corpse disappears in a puff of smoke!
Grinder blinks!
Okay, then.
Grinder barely misses you.
Grinder says, "Wait up."
Grinder hits you.
You writhe in agony.
You take 6 damage, and have 11/31 hp.
Grinder gestures at you. Pain shoots through your body!
* * * LOW HITPOINT WARNING * * *
You take 2 damage, and have 9/31 hp.
Grinder gestures at you.
You suddenly lose the ability to move!
Grinder hits you.
* * * LOW HITPOINT WARNING * * *
You writhe in agony.
You die...

###......###...
############............
#.......................
#.......................
#.......................
#.......................
#................#......
#................#......
#......@5.....?..# .....
#...........###+## ###.
#...........# ....
#...........# ####
#...........#
#...........#
#...........#
############# #####


You could see Grinder.

Vanquished Creatures
  Jessica (D:2)
  An adder (D:3)
  A worm (D:2)
  A dart slug (D:3)
  An orc (D:3)
  2 endoplasms (D:1)
  2 giant cockroaches (D:1)
  2 hobgoblins
  7 jackals (D:1)
  4 ball pythons
  7 bats
  6 goblins
  4 kobolds
  6 rats
45 creatures vanquished.

Notes
Turn   | Place    | Note
-------+----------+-------------------------------------------
     0 | D:1      | jasper the Human Wanderer began the quest for the Orb.
     0 | D:1      | jasper set off with the following items: a +2 hand axe, a
                  | +0 helmet, a scroll of teleportation, a +0 leather armour;
                  | and the following spell memorised: Summon Small Mammal; and
                  | the following spells available to memorise: Summon Guardian
                  | Golem.
     0 | D:1      | Reached XP level 1. HP: 13/13 MP: 2/2
    94 | D:1      | Reached XP level 2. HP: 17/19 MP: 3/3
   229 | D:1      | Reached skill level 3 in Axes
   444 | D:1      | Reached XP level 3. HP: 24/24 MP: 4/4
   945 | D:2      | Noticed Jessica
   950 | D:2      | Killed Jessica
   951 | D:2      | Reached skill level 4 in Axes
   951 | D:2      | Reached XP level 4. HP: 29/30 MP: 5/5
  1166 | D:2      | Noticed Terence
  1239 | D:3      | Found a broken altar of Ashenzari.
  1263 | D:3      | Became a worshipper of Ashenzari the Shackled
  1726 | D:3      | Noticed Grinder
  1733 | D:3      | Paralysed by Grinder for 2 turns
  1756 | D:3      | Paralysed by Grinder for 3 turns
  1758 | D:3      | Slain by Grinder

Illustrated notes

Levels and vault maps discovered:
D:1:      dpeg_arrival_subterranean_lakeside_camping, layout_loops_ring
D:2:      layout_loops_ring, basic_ecumenical_altar, uniq_crazy_yiuf_cottage,
          uniq_robin, uniq_terence, uniq_jessica
D:3:      layout_basic, mainiacjoe_overflow_brackets,
          kennysheep_generic_room_14, uniq_grinder

Skill      XL: |  1  2  3 |
---------------+----------+-----
Axes           | 3 4 |  4.3
Fighting       | |  0.3
Armour         | |  1.2
Dodging        | |  1.1
Stealth        | |  1.0
Spellcasting   | |  1.0
Summonings     | |  3.1
Evocations     | |  1.0

Action                     |  1- 3 |  4- 6 || total
---------------------------+-------+-------++-------
  Melee: Hand axe          |    69 |    47 ||   116
         Punch             |     2 |     1 ||     3
   Cast: Summon Small Mamm |     1 |     5 ||     6
 Invoke: Curse Item        |       |     1 ||     1
    Use: Potion            |       |     3 ||     3
 Armour: Leather armour    |     8 |       ||     8
         Ring mail         |    23 |    10 ||    33
         Scale mail        |       |    10 ||    10
  Dodge: Dodged            |    42 |    23 ||    65

Table legend: (Time is in decaauts)
 A = Elapsed time spent in this place.
 B = Non-inter-level travel time spent in this place.
 C = Inter-level travel time spent in this place.
 D = Time resting spent in this place.
 E = Time spent auto-exploring this place.
 F = Levels seen in this place.
 G = Mean time per level.
                   A        B        C        D        E       F      G
               +--------+--------+--------+--------+--------+-----+--------+
         Total |   1779 |   1740 |     39 |      0 |   1236 |   3 |  593.0 |
       Dungeon |   1779 |   1740 |     39 |      0 |   1236 |   3 |  593.0 |
               +--------+--------+--------+--------+--------+-----+--------+

Top non-repeatable levels by time:
     D:1: 929 daAuts
     D:3: 572 daAuts
     D:2: 276 daAuts
